 Dungeon Crawl Stone Soup version 0.18-a0-425-ge088ad1 (webtiles) character file.

269 Raultor the Insei (level 6, -1/52 HPs)
             Began as a Draconian Monk on Nov 30, 2015.
             Slain by a centaur (4 damage)
             ... on level 4 of the Dungeon.
             The game lasted 00:07:36 (3250 turns).

Raultor the Insei (Draconian Monk)                  Turns: 3250, Time: 00:07:36

Health: -1/52      AC:  9    Str: 14    XL:     6   Next: 1%
Magic:  6/6        EV: 13    Int: 10    God:
Gold:   269        SH:  0    Dex: 15    Spells: 0 memorised, 5 levels left

rFire  . . .     SeeInvis +       - Unarmed
rCold  + . .     Clarity  .     (armour unavailable)
rNeg   . . .     SustAt   .     (no shield)
rPois  .         Gourm    .     i - +1 hat {SInv}
rElec  .         Spirit   .     s - +0 cloak
rCorr  .         Dsmss    .     q - +0 pair of gloves
rMut   .         Stasis   .     (no boots)
MR     .....                    (no amulet)
Stlth  ++........               x - ring of protection from cold
                                (no ring)

@: drained, not resistant to hostile enchantments, unstealthy
A: unfitting armour, cold-blooded, AC +6
a: no special abilities


You were on level 4 of the Dungeon.
You were not hungry.

You visited 1 branch of the dungeon, and saw 4 of its levels.

You collected 269 gold pieces.

Inventory:

Missiles
 l - 5 poisoned needles
Armour
 i - a +1 hat of see invisible (worn)
 q - a +0 pair of gloves (worn)
 s - a +0 cloak (worn)
Jewellery
 b - an uncursed amulet of faith
 j - an uncursed ring of teleportation
 x - a ring of protection from cold (right hand)
Wands
 g - a wand of digging (15)
 h - a wand of frost (21)
Scrolls
 e - 2 scrolls of remove curse
 k - a scroll of identify
Potions
 c - 3 potions of curing {unknown}
 d - a potion of agility
 f - 2 potions of haste {unknown}
 m - a potion of invisibility
 n - 2 potions of brilliance {unknown}
 o - a potion of heal wounds {unknown}
 p - a potion of cure mutation {unknown}
 v - 2 potions of mutation {unknown}
Comestibles
 a - 4 bread rations
 r - a chunk of flesh
 u - a slice of pizza
 w - 2 meat rations


   Skills:
 + Level 4.2(3.1) Fighting
 + Level 4.3(3.2) Dodging
 - Level 1.7(0.7) Stealth
 * Level 5.7(4.5) Unarmed Combat


You had 5 spell levels left.
You didn't know any spells.

Dungeon Overview and Level Annotations

Branches:
Dungeon (4/15)
 Temple: D:4-7

Altars:
Dithmenos
Elyvilon
Fedhas


Innate Abilities, Weirdness & Mutations

Your plain brown scales are hard (AC +6).
Your body does not fit into most forms of armour.
You are cold-blooded and may be slowed by cold attacks.


Message History

The centaur is moderately wounded.
The centaur hits you.
* * * LOW HITPOINT WARNING * * *
You completely miss the centaur. You tail-slap the centaur.
The centaur is moderately wounded.
The centaur hits you but does no damage.
The centaur hits you.
* * * LOW HITPOINT WARNING * * *
You hit the centaur. You tail-slap the centaur.
The centaur is heavily wounded.
The centaur closely misses you.
You barely miss the centaur.
The centaur is heavily wounded.
The centaur hits you but does no damage.
You hit the centaur. You tail-slap the centaur.
The centaur is severely wounded.
The centaur hits you.
* * * LOW HITPOINT WARNING * * *
The centaur hits you.
You die...

#. #.# ###+########
#.##############...(......#
#.#..........@(+..........# ##
#.#.##########c#..........###.
####.#.###.......((..........+.##
#.............P.PPP..........#.##
#.............P.P.P........).....
####.#####.#..PP_PP(.........#+#.
# #.#.....#.#.PPPP.##...........
#.#.#####.#..PP..##..........#
#.#.#.............+..........#


You could see a centaur.

Vanquished Creatures
  An orc priest (D:3)
  Crazy Yiuf (D:3)
  A jelly (D:4)
  2 worker ants (D:4)
  2 adders
  3 gnolls (D:3)
  An ooze (D:1)
  3 worms
  2 giant geckos
  6 orcs
  2 ball pythons (D:3)
  9 hobgoblins
  8 kobolds
  3 bats
  2 giant cockroaches (D:1)
  4 giant newts
  7 goblins
  3 quokkas
  8 rats
  A fungus (D:3)
69 creatures vanquished.

Vanquished Creatures (others)
  An adder skeleton (D:4)
1 creature vanquished.

Grand Total: 70 creatures vanquished

Notes
Turn   | Place    | Note
--------------------------------------------------------------
     0 | D:1      | Raultor the Draconian Monk began the quest for the Orb.
     0 | D:1      | Reached XP level 1. HP: 19/19 MP: 1/1
   119 | D:1      | Reached XP level 2. HP: 23/26 MP: 2/2
   691 | D:2      | Reached XP level 3. HP: 26/31 MP: 3/3
  1746 | D:3      | Noticed Crazy Yiuf
  1767 | D:3      | Killed Crazy Yiuf
  1767 | D:3      | Reached skill level 5 in Unarmed Combat
  1767 | D:3      | Reached XP level 4. HP: 19/40 MP: 4/4
  2110 | D:3      | Reached XP level 5. HP: 23/46 MP: 5/5
  2811 | D:4      | Found a shadowy altar of Dithmenos.
  2861 | D:4      | Found a white marble altar of Elyvilon.
  3109 | D:4      | Reached XP level 6. HP: 47/52 MP: 6/6
  3130 | D:4      | Found a blossoming altar of Fedhas.
  3250 | D:4      | Slain by a centaur

Vault maps used:
D:1:      lightli_arrival_isolated_outpost, serial_bayou_pond_a
D:3:      minmay_misc_feat_pillars, uniq_crazy_yiuf_cottage
D:4:      lemuel_round_altar, elyvilon_altar_4, first_bread,
          fedhas_bush_and_centaur_altar

Action                   |  1- 3 |  4- 6 || total
-------------------------+-------+-------++-------
Melee: Unarmed           |   162 |   146 ||   308
  Use: Scroll            |       |     6 ||     6
 Stab: Sleeping          |     5 |     2 ||     7
  Eat: Chunk             |     3 |     5 ||     8
